[Event "Titled Tuesday Blitz May 16 Late 2023"]
[White "Sanchez Enriquez, Oscar Gerardo"]
[Black "Smirnov, Pavel"]
[WhiteFideId "5106311"]
[BlackFideId "4123425"]
[WhiteElo "2387"]
[BlackElo "2520"]
[Result "0-1"]
[Round "05"]
[TimeControl "180+2"]
[Date "2023.05.16"]
[WhiteClock "0:00:02"]
[BlackClock "0:01:53"]

1. d4 Nf6 2. Nc3 d5 3. Bf4 e6 4. e3 Bb4 5. Bd3 O-O 6. a3 Bxc3+ 7. bxc3 c5 8. Nf3 c4 9. Be2 Ne4 10. O-O Nxc3 11. Qe1 Nxe2+ 12. Qxe2 Nc6 13. h3 b5 14. e4 a5 15. e5 Bd7 16. h4 b4 17. h5 f5 18. h6 g6 19. Bg5 Qc7 20. Qe3 Rab8 21. axb4 axb4 22. Rfb1 Ra8 23. Bf6 Qb7 24. Qg5 Rxa1 25. Rxa1 Ra8 26. Rb1 Qc8 27. Be7 Qe8 28. Bxb4 Rb8 29. c3 Nxb4 30. cxb4 Qf8 31. g3 c3 32. Qc1 Rc8 33. b5 c2 34. Rb2 Qa3 0-1


[Site "https://www.chess.com"]

[Event "Titled Tuesday Blitz May 16 Late 2023"]
[White "Ivanisevic, Ivan"]
[Black "Przybylski, Wojciech"]
[WhiteFideId "912417"]
[BlackFideId "1117599"]
[WhiteElo "2592"]
[BlackElo "2222"]
[Result "1-0"]
[Round "05"]
[TimeControl "180+2"]
[Date "2023.05.16"]
[WhiteClock "0:00:09"]
[BlackClock "0:00:03"]

1. Nf3 Nf6 2. c4 e6 3. b3 a5 4. Nc3 Be7 5. Bb2 d5 6. e3 O-O 7. Rg1 c5 8. g4 Nc6 9. g5 Ne4 10. Bd3 Nxc3 11. dxc3 a4 12. Qc2 g6 13. h4 a3 14. Bc1 d4 15. h5 dxc3 16. Qxc3 Qa5 17. Bd2 Qxc3 18. Bxc3 Nb4 19. Be4 Ra6 20. Ke2 Nc6 21. Rad1 Bd8 22. Bxc6 bxc6 23. Ne5 gxh5 24. f4 Re8 25. Rh1 f6 26. gxf6 Bxf6 27. Rdg1+ Kf8 28. Rxh5 Re7 29. Rh6 Bg7 30. Rxh7 Bxe5 31. Rxe7 Kxe7 32. Bxe5 Bd7 33. Rg7+ Kd8 34. Bd6 Rb6 35. Bxc5 Rb7 36. Bd6 Rb6 37. Bxa3 Ra6 38. Be7+ Kc7 39. a4 Rb6 40. b4 Rb8 41. Bc5 Rh8 42. a5 Rh2+ 43. Kd3 Rb2 44. Kd4 Rd2+ 45. Ke5 Rc2 46. e4 Rxc4 47. a6 Rc1 48. a7 Ra1 49. Rg8 Bc8 50. f5 exf5 51. exf5 Re1+ 52. Kf6 Ra1 53. Kf7 Ra2 54. f6 Ra1 55. Re8 Ra2 56. Kf8 Ra1 57. f7 Ra2 58. Kg7 Rg2+ 59. Kh6 Rh2+ 60. Kg5 Rg2+ 61. Kh4 Rg4+ 62. Kh5 Rf4 63. f8=Q Bg4+ 64. Kg5 Rxf8 65. Rxf8 Bc8 66. a8=Q Bd7 67. Qa7# 1-0


[Site "https://www.chess.com"]

[Event "Titled Tuesday Blitz May 16 Late 2023"]
[White "Kaplan, Avi Harrison"]
[Black "Bartel, Mateusz"]
[WhiteFideId "30934559"]
[BlackFideId "1112635"]
[WhiteElo "1983"]
[BlackElo "2521"]
[Result "0-1"]
[Round "05"]
[TimeControl "180+2"]
[Date "2023.05.16"]
[WhiteClock "0:00:01"]
[BlackClock "0:00:08"]

1. a3 e5 2. c4 Nf6 3. d3 c6 4. Nf3 Bd6 5. Nc3 Bc7 6. e4 h6 7. Be2 O-O 8. g4 Nxg4 9. Rg1 h5 10. h3 Nf6 11. Bh6 g6 12. Bxf8 Qxf8 13. Nh4 Kh7 14. Qd2 Qh6 15. Qxh6+ Kxh6 16. Kd2 d6 17. Rg3 Be6 18. Rag1 Nbd7 19. Nxg6 fxg6 20. Rxg6+ Kh7 21. Rg7+ Kh8 22. Re7 Re8 23. Rxe8+ Nxe8 24. Bxh5 Nef6 25. Bg4 Nxg4 26. hxg4 Kg7 27. Ne2 Bb6 28. Rg2 Nf8 29. Ng3 Ng6 30. Nf5+ Kf6 31. Nxd6 Nf4 32. Rh2 Bxg4 33. Nxb7 Bd4 34. b4 Be2 35. Nd8 Bxd3 36. Nxc6 Bb2 37. Nxa7 Bxc4 38. Rh6+ Kg5 39. Ra6 Bxa6 40. b5 Bb7 41. Nc6 Bxa3 42. Nxe5 Bxe4 43. Nc4 Bb4+ 44. Ke3 Bb7 45. f3 Ne6 46. Kd3 Kf5 47. Ne3+ Ke5 48. Nc2 Bc5 49. Ke2 Nf4+ 50. Kd2 Bxf3 51. Ne1 Bb7 52. Kc3 Bb6 53. Kb4 Kd4 54. Nc2+ Kd3 55. Na3 Nd5+ 56. Ka4 Bc5 57. Nb1 Nb6+ 58. Ka5 Nc4+ 59. Ka4 Kc2 60. b6 Bc6# 0-1


[Site "https://www.chess.com"]

[Event "Titled Tuesday Blitz May 16 Late 2023"]
[White "Weetik, Vjacheslav"]
[Black "Buchenau, Frank"]
[WhiteFideId "4153472"]
[BlackFideId "4604350"]
[WhiteElo "2469"]
[BlackElo "2157"]
[Result "1-0"]
[Round "05"]
[TimeControl "180+2"]
[Date "2023.05.16"]
[WhiteClock "0:00:21"]
[BlackClock "0:00:00"]

1. d4 e6 2. c4 Nf6 3. g3 d5 4. Nf3 c5 5. cxd5 Nxd5 6. Bg2 cxd4 7. Nxd4 Bc5 8. O-O O-O 9. Nb3 Be7 10. e4 Nb4 11. Nc3 N8c6 12. Be3 b6 13. a3 Qxd1 14. Raxd1 Nc2 15. Bc1 Ba6 16. Rd2 Bc4 17. Rxc2 Bxb3 18. Rd2 Rad8 19. Rxd8 Rxd8 20. Be3 Bc5 21. Bxc5 bxc5 22. Rc1 Rd2 23. e5 Nxe5 24. Ne4 Rd1+ 25. Rxd1 Bxd1 26. Nxc5 Kf8 27. Bf1 Ke7 28. f4 Nc6 29. Kf2 Kd6 30. Ne4+ Ke7 31. Ke3 f5 32. Nc3 Bb3 33. Bb5 Kd6 34. Bxc6 Kxc6 35. Kd4 a6 36. Nb1 1-0


[Site "https://www.chess.com"]

[Event "Titled Tuesday Blitz May 16 Late 2023"]
[White "Kev4444444444"]
[Black "Djokic, Mihailo"]
[BlackFideId "976440"]
[WhiteElo "2160"]
[BlackElo "2294"]
[Result "0-1"]
[Round "05"]
[TimeControl "180+2"]
[Date "2023.05.16"]
[WhiteClock "0:00:00"]
[BlackClock "0:00:06"]

1. Nf3 Nf6 2. c4 g6 3. g3 Bg7 4. Bg2 O-O 5. O-O d6 6. Nc3 Nc6 7. b3 e5 8. Bb2 Re8 9. h3 h5 10. e3 e4 11. Nd4 Nxd4 12. exd4 c6 13. d3 exd3 14. Qxd3 Bf5 15. Qd2 Qd7 16. Kh2 Kh7 17. Rae1 Bh6 18. Qd1 Rxe1 19. Rxe1 Re8 20. Bc1 Bc2 21. Qxc2 Rxe1 22. Bxh6 Re8 23. Bg5 Kg7 24. Qd2 Nh7 25. Bh6+ Kg8 26. Bf4 Nf6 27. Bg5 Nh7 28. Ne4 Qe6 29. Bf4 Rd8 30. Bg5 Re8 31. Qf4 d5 32. cxd5 cxd5 33. Nf6+ Nxf6 34. Bxf6 Kh7 35. Be5 Rf8 36. Qf3 f6 37. Bf4 Rd8 38. h4 Kg7 39. Bh3 Qe4 40. Qc3 Rf8 41. Qc7+ Rf7 42. Qc3 g5 43. Bg2 Qf5 44. hxg5 fxg5 45. Be5+ Kh7 46. Qe3 h4 47. gxh4 gxh4 48. f3 Re7 49. Qf2 Qg5 50. Bh3 Rf7 51. Bg4 Qxg4 52. Qc2+ Qf5 53. Qxf5+ Rxf5 54. f4 Kg6 55. Kh3 Kh5 56. Bd6 Rf6 57. Be5 Rf7 58. a3 a6 59. a4 b5 60. axb5 axb5 61. Bd6 Rf6 62. Be5 Rc6 0-1


[Site "https://www.chess.com"]

[Event "Titled Tuesday Blitz May 16 Late 2023"]
[White "Rasulov, Vugar"]
[Black "Saveliev, Alexei"]
[WhiteFideId "13402390"]
[BlackFideId "24128546"]
[WhiteElo "2509"]
[BlackElo "2271"]
[Result "1-0"]
[Round "05"]
[TimeControl "180+2"]
[Date "2023.05.16"]
[WhiteClock "0:01:10"]
[BlackClock "0:00:02"]

1. e4 g6 2. d4 Bg7 3. Nf3 d6 4. Bc4 Nc6 5. c3 Nf6 6. Qe2 Bg4 7. Nbd2 O-O 8. h3 Bxf3 9. Nxf3 Nd7 10. O-O e5 11. Bg5 Qe8 12. Rad1 h6 13. Bc1 a6 14. Rfe1 Kh7 15. Bd5 Nb6 16. Bb3 Qe7 17. h4 Rae8 18. h5 g5 19. dxe5 Nxe5 20. Nd4 Qd8 21. Nf5 Nbd7 22. Bd5 b5 23. a4 Nf6 24. axb5 Nxd5 25. Rxd5 axb5 26. Rxb5 Qa8 27. Rd5 Nd7 28. Nxg7 Kxg7 29. Rf5 Nc5 30. f3 Re7 31. Be3 Ne6 32. Qd2 Rfe8 33. Kh2 Kg8 34. b4 Qa6 35. Rf6 Kg7 36. Rf5 Kg8 37. b5 Qb7 38. c4 Ng7 39. Rf6 Re6 40. Rxe6 Rxe6 41. g4 Re8 42. Bd4 Ne6 43. Kg3 Ra8 44. Bb2 c5 45. Qxd6 Qc7 46. Qxc7 Nxc7 47. Rd1 Ne6 48. b6 Ra2 49. Rb1 Ra8 50. b7 Rb8 51. Be5 Rxb7 1-0


[Site "https://www.chess.com"]

[Event "Titled Tuesday Blitz May 16 Late 2023"]
[White "Martinez Alcantara, Jose Eduardo"]
[Black "Rodriguez Santiago, Jaime"]
[WhiteFideId "3805662"]
[BlackFideId "3100898"]
[WhiteElo "2711"]
[BlackElo "2025"]
[Result "1-0"]
[Round "05"]
[TimeControl "180+2"]
[Date "2023.05.16"]
[WhiteClock "0:01:54"]
[BlackClock "0:00:46"]

1. e4 c6 2. d4 d5 3. e5 Bf5 4. h4 h5 5. Bd3 Bxd3 6. Qxd3 Qa5+ 7. b4 Qa6 8. e6 Qxd3 9. cxd3 Nf6 10. Nd2 fxe6 11. Ndf3 Nbd7 12. Nh3 e5 13. dxe5 Ng4 14. d4 e6 15. Bd2 Be7 16. Nf4 Nf8 17. O-O Kd7 18. Rab1 a6 19. a4 g6 20. Rfc1 Nh6 21. b5 axb5 22. axb5 Ra7 23. bxc6+ bxc6 24. Rb6 Rc7 25. Ra6 Nf5 26. Ba5 Rc8 27. Ra7+ Ke8 28. g3 c5 29. dxc5 Bxc5 30. Nd3 Bxa7 31. Rxc8+ Kf7 32. Rc7+ 1-0


[Site "https://www.chess.com"]

[Event "Titled Tuesday Blitz May 16 Late 2023"]
[White "Baskakov, Egor"]
[Black "Poltorak, Sebastian"]
[WhiteFideId "24197866"]
[BlackFideId "1199498"]
[WhiteElo "2225"]
[BlackElo "2195"]
[Result "1/2-1/2"]
[Round "05"]
[TimeControl "180+2"]
[Date "2023.05.16"]
[WhiteClock "0:00:06"]
[BlackClock "0:00:12"]

1. e4 c6 2. d4 d5 3. e5 c5 4. c4 cxd4 5. Nf3 e6 6. Nxd4 Bb4+ 7. Nc3 Ne7 8. Be2 Nbc6 9. O-O O-O 10. cxd5 exd5 11. Nf3 Bg4 12. Bf4 Ng6 13. Bg3 Bxc3 14. bxc3 Bxf3 15. Bxf3 Ncxe5 16. Bxd5 Rc8 17. Bxb7 Rxc3 18. Qa4 Qe7 19. Bd5 Rd8 20. Bb3 h5 21. Rae1 Qc5 22. Bxe5 Nxe5 23. Qf4 Nc4 24. Re4 Rc8 25. Rfe1 Qc6 26. g3 g6 27. Re7 Rf3 28. Qd4 Nb6 29. Rxa7 Qf6 30. Qxf6 Rxf6 31. Ree7 Rf8 32. Ra6 Nd5 33. Rxf6 Nxe7 34. a4 Kg7 35. Rb6 Ra8 36. Rb7 Kf6 37. Rb6+ Kg7 38. Kf1 Nf5 39. Rb7 Nd6 40. Rb6 Ne4 41. Kg2 Nc5 42. Bd5 Ra7 43. Bc6 Nxa4 44. Bxa4 Rxa4 45. Rb3 Ra6 46. h4 Rf6 47. Re3 Rd6 1/2-1/2


[Site "https://www.chess.com"]

[Event "Titled Tuesday Blitz May 16 Late 2023"]
[White "Kramnik, Vladimir"]
[Black "Al-Tarboush, Ward"]
[WhiteFideId "4101588"]
[BlackFideId "7601450"]
[WhiteElo "2703"]
[BlackElo "2265"]
[Result "1-0"]
[Round "05"]
[TimeControl "180+2"]
[Date "2023.05.16"]
[WhiteClock "0:01:52"]
[BlackClock "0:00:43"]

1. e4 e6 2. d4 d5 3. e5 c5 4. c3 Nc6 5. Nf3 Qb6 6. Bd3 cxd4 7. O-O Bd7 8. a3 Nge7 9. b4 a6 10. Bb2 dxc3 11. Nxc3 Ng6 12. Na4 Qd8 13. Rc1 Be7 14. Nc5 Bxc5 15. Rxc5 O-O 16. Qd2 Rc8 17. Re1 Nce7 18. Rxc8 Qxc8 19. h4 Nf5 20. Bxf5 exf5 21. h5 Ne7 22. e6 Bxe6 23. Bxg7 Kxg7 24. Qg5+ Kh8 25. Qf6+ Kg8 26. h6 1-0


[Site "https://www.chess.com"]

[Event "Titled Tuesday Blitz May 16 Late 2023"]
[White "Samsonkin, Artiom"]
[Black "Moore, Nicholas"]
[WhiteFideId "13503111"]
[BlackFideId "4303709"]
[WhiteElo "2524"]
[BlackElo "2581"]
[Result "1-0"]
[Round "05"]
[TimeControl "180+2"]
[Date "2023.05.16"]
[WhiteClock "0:00:07"]
[BlackClock "0:00:04"]

1. d4 d5 2. Nf3 Nf6 3. c4 c6 4. Nc3 dxc4 5. a4 Bf5 6. Ne5 e6 7. f3 Bb4 8. Nxc4 O-O 9. e4 Bxe4 10. fxe4 Nxe4 11. Bd2 Qxd4 12. Nxe4 Qxe4+ 13. Qe2 Bxd2+ 14. Nxd2 Qb4 15. Qe4 Qxe4+ 16. Nxe4 Rd8 17. Be2 Nd7 18. O-O Nb6 19. Rfc1 Nd5 20. a5 Rac8 21. Bf3 h6 22. Ra3 b6 23. axb6 axb6 24. Ra7 c5 25. h4 Rc7 26. Ra6 Rb8 27. Nd6 Rd7 28. Nc4 b5 29. Ne5 Rc7 30. Nc6 Rbc8 31. Bxd5 exd5 32. Rxc5 Kf8 33. b4 d4 34. Kf2 g6 35. Ke2 Re8+ 36. Kd3 Re3+ 37. Kxd4 Rg3 38. Ne5 Re7 39. Rxb5 Rxg2 40. Rc5 Rh2 41. Nf3 Rh3 42. Rc3 Rd7+ 43. Ke4 Re7+ 44. Kf4 Rb7 45. Rb3 Rh1 46. b5 Rc1 47. b6 Rc6 48. Ne5 Rc5 49. Ra8+ Kg7 50. Ra7 Rxa7 51. bxa7 Ra5 52. Rb7 Kf6 53. Rxf7+ Ke6 54. Rf8 Ra4+ 55. Kf3 Rxa7 56. Nxg6 Ra4 57. Nf4+ Ke7 58. Rf5 Ra6 59. Kg4 Rb6 60. h5 Ke8 61. Re5+ Kf8 62. Kf5 Kg7 63. Re7+ Kf8 64. Ng6+ Kg8 65. Ne5 Kf8 66. Re6 Kg8 67. Rxb6 1-0


[Site "https://www.chess.com"]

[Event "Titled Tuesday Blitz May 16 Late 2023"]
[White "Sargsyan, Anna M."]
[Black "Bazeev, German"]
[WhiteFideId "13308130"]
[BlackFideId "24119350"]
[WhiteElo "2284"]
[BlackElo "2466"]
[Result "0-1"]
[Round "05"]
[TimeControl "180+2"]
[Date "2023.05.16"]
[WhiteClock "0:00:04"]
[BlackClock "0:00:10"]

1. d4 Nf6 2. c4 e6 3. Nf3 b6 4. g3 Bb7 5. Bg2 Bb4+ 6. Nbd2 O-O 7. O-O h6 8. Qc2 Bxd2 9. Bxd2 Be4 10. Qc1 d6 11. Rd1 Nbd7 12. b4 a6 13. Bc3 b5 14. c5 Qb8 15. Bh3 d5 16. Ne5 Nxe5 17. dxe5 Nd7 18. f3 Bh7 19. e4 c6 20. exd5 cxd5 21. Qe3 Qc7 22. Bd4 Nb8 23. Rac1 Nc6 24. a3 a5 25. Bf1 axb4 26. axb4 Nxb4 27. Bxb5 Nc2 28. Qd2 Nxd4 29. Qxd4 Rfb8 30. Bd3 Bxd3 31. Rxd3 Ra2 32. c6 Rbb2 33. Ra3 Rg2+ 34. Kf1 Rad2 35. Ra7 Qb8 36. c7 Qb5+ 37. Qc4 dxc4 38. c8=Q+ Kh7 39. Qxc4 Qxc4+ 40. Rxc4 Rxh2 41. Kg1 Rhg2+ 42. Kf1 Rdf2+ 43. Ke1 Rxf3 44. Rcc7 Rgxg3 0-1


[Site "https://www.chess.com"]

[Event "Titled Tuesday Blitz May 16 Late 2023"]
[White "Mirimanian, Hayk"]
[Black "Suyarov, Mukhammadzokhid"]
[WhiteFideId "4700180"]
[BlackFideId "14210495"]
[WhiteElo "2280"]
[BlackElo "2361"]
[Result "1-0"]
[Round "05"]
[TimeControl "180+2"]
[Date "2023.05.16"]
[WhiteClock "0:00:16"]
[BlackClock "0:00:27"]

1. e4 c5 2. Nf3 e6 3. d4 cxd4 4. Nxd4 a6 5. c4 Qc7 6. Nc3 Nf6 7. a3 Nc6 8. Be3 d6 9. Be2 Be7 10. O-O O-O 11. Rc1 Nxd4 12. Qxd4 Bd7 13. Rfd1 Bc6 14. Nd5 Qd8 15. Nxe7+ Qxe7 16. f3 Rfd8 17. b4 Rac8 18. b5 Be8 19. a4 e5 20. Qb6 axb5 21. cxb5 Rxc1 22. Rxc1 d5 23. a5 dxe4 24. fxe4 Nxe4 25. Bf3 f5 26. a6 bxa6 27. bxa6 Nf6 28. Bb7 f4 29. Bc5 Qd7 30. a7 Qd2 31. Ra1 Qc3 32. Rb1 Qd3 33. a8=Q Rxa8 34. Bxa8 h5 35. Qb3+ Qxb3 36. Rxb3 Bf7 37. Rb8+ Kh7 38. Bd6 Kg6 39. Bxe5 Nd7 40. Bxf4 Nxb8 41. Bxb8 Ba2 42. Be4+ Kh6 43. Bf4+ g5 44. Be3 h4 45. Kf2 Kh5 46. Bd3 Bd5 47. Be2+ Kg6 48. Bg4 Be4 49. g3 hxg3+ 50. hxg3 Bd5 51. Ke2 Bc4+ 52. Kd2 Bd5 53. Kc3 Ba2 54. Kd4 Bb1 55. Ke5 Bc2 56. Bf3 Bb1 57. Be4+ Kh5 58. Bxb1 Kg4 59. Bf2 Kf3 60. Be1 Ke2 61. Kf5 g4 62. Kxg4 Kxe1 63. Kf5 1-0


[Site "https://www.chess.com"]

[Event "Titled Tuesday Blitz May 16 Late 2023"]
[White "Spitzl, Vinzent"]
[Black "Holt, Conrad"]
[WhiteFideId "12901253"]
[BlackFideId "2034387"]
[WhiteElo "2225"]
[BlackElo "2592"]
[Result "1-0"]
[Round "05"]
[TimeControl "180+2"]
[Date "2023.05.16"]
[WhiteClock "0:00:05"]
[BlackClock "0:00:00"]

1. e4 e6 2. d4 d5 3. Nd2 c5 4. exd5 Qxd5 5. Ngf3 cxd4 6. Bc4 Qd6 7. O-O Nf6 8. Nb3 Nc6 9. Nbxd4 Nxd4 10. Nxd4 a6 11. Re1 Be7 12. Bb3 O-O 13. c3 Qc5 14. Be3 Qh5 15. Qxh5 Nxh5 16. Rad1 Rd8 17. Nf3 b5 18. Ne5 Bb7 19. Nd7 Nf6 20. Nxf6+ Bxf6 21. Rxd8+ Bxd8 22. Rd1 Kf8 23. a4 Ke7 24. f3 Bc6 25. axb5 axb5 26. Kf2 Bc7 27. Bc5+ Ke8 28. g3 h5 29. Bd4 g5 30. Be3 g4 31. fxg4 hxg4 32. Rd4 Bf3 33. Rb4 Ra5 34. c4 bxc4 35. Rxc4 Be5 36. Ba4+ Ke7 37. b3 f5 38. Rc5 Rxc5 39. Bxc5+ Kf6 40. b4 Bb8 41. b5 f4 42. b6 e5 43. gxf4 exf4 44. Bd7 Kg5 45. Be7+ Kg6 46. Bd8 1-0


[Site "https://www.chess.com"]

[Event "Titled Tuesday Blitz May 16 Late 2023"]
[White "Trost, Edvin"]
[Black "Karttunen, Mika"]
[WhiteFideId "1729519"]
[BlackFideId "502081"]
[WhiteElo "2368"]
[BlackElo "2396"]
[Result "1-0"]
[Round "05"]
[TimeControl "180+2"]
[Date "2023.05.16"]
[WhiteClock "0:00:04"]
[BlackClock "0:00:08"]

1. d4 Nf6 2. c4 g6 3. Nc3 Bg7 4. e4 d6 5. Be2 O-O 6. Bg5 Na6 7. Nf3 e5 8. d5 h6 9. Bh4 Qe8 10. Nd2 Nh7 11. Qc2 f5 12. f3 Bf6 13. Bxf6 Nxf6 14. O-O-O Nb4 15. Qb3 a5 16. a3 Na6 17. Kb1 Nc5 18. Qc2 f4 19. Nb3 Nxb3 20. Qxb3 Nd7 21. Qc2 Nc5 22. Rdg1 Bd7 23. h4 Qe7 24. g4 Rfb8 25. Rd1 a4 26. Na2 Ra5 27. Nb4 Rba8 28. Qc3 Qd8 29. Kc2 Qb8 30. Kd2 Qa7 31. Ke1 Nb3 32. Kf1 Rc5 33. Nd3 Ra5 34. Kg2 Re8 35. Rhe1 Kf7 36. Nb4 Nc5 37. Bd3 Qb8 38. Rh1 Qc8 39. Be2 Rf8 40. Qe1 Kg7 41. Rg1 Qd8 42. Kh2 Qe7 43. Rg2 Qd8 44. Kg1 Qb8 45. Kh1 Qa7 46. Qc3 Qb8 47. Rdg1 Qa8 48. Rh2 Kg8 49. Rc1 Rb8 50. Bd1 Rf8 51. Bc2 b5 52. Bd3 bxc4 53. Bxc4 Kh7 54. Be2 Rb8 55. h5 g5 56. Bf1 Kh8 57. Rhc2 Kg7 58. Kh2 Kf6 59. Nd3 Rb3 60. Nxc5 Rxc5 61. Qd2 Rxc2 62. Rxc2 Qb7 63. Be2 Bb5 64. Bxb5 Qxb5 65. Kg2 Re3 66. Qc1 Re2+ 67. Kh3 Rxc2 68. Qxc2 Qf1+ 69. Qg2 Qd3 70. Kh2 Qb3 71. Qe2 Ke7 72. Kg2 Kd8 73. Kf2 Kc8 74. Qd2 Kb7 75. Ke2 Kb6 76. Qc1 Qb5+ 77. Kd2 Qa5+ 78. Kd3 Qb5+ 79. Qc4 Ka5 80. Qxb5+ Kxb5 81. Kc3 Kc5 82. b3 Kb5 83. bxa4+ Kxa4 84. Kb2 Kb5 85. Kb3 c6 86. dxc6 Kxc6 87. Kc4 d5+ 88. exd5+ Kd6 89. a4 e4 90. fxe4 f3 91. Kd3 1-0


[Site "https://www.chess.com"]

[Event "Titled Tuesday Blitz May 16 Late 2023"]
[White "Kushko, Dmitriy"]
[Black "Romkachess"]
[WhiteFideId "14162261"]
[WhiteElo "2230"]
[BlackElo "2556"]
[Result "0-1"]
[Round "05"]
[TimeControl "180+2"]
[Date "2023.05.16"]
[WhiteClock "0:00:08"]
[BlackClock "0:00:09"]

1. d4 Nf6 2. Nf3 e6 3. Bf4 b6 4. e3 Bb7 5. h3 d6 6. Nbd2 Nbd7 7. Bh2 Be7 8. Bd3 O-O 9. O-O c5 10. c3 cxd4 11. exd4 Rc8 12. Qe2 Re8 13. Rfe1 g6 14. a4 Nd5 15. a5 N7f6 16. axb6 axb6 17. Ra7 Bc6 18. Rea1 Ra8 19. Bb5 Rxa7 20. Rxa7 Bxb5 21. Qxb5 Qb8 22. Qa6 Nc7 23. Qb7 Ncd5 24. Nc4 Ne4 25. Nfd2 Nxd2 26. Nxd2 Qxb7 27. Rxb7 Bg5 28. Ne4 Ra8 29. Bxd6 Ra1+ 30. Kh2 Bf4+ 31. g3 Bxd6 32. Nxd6 Rb1 33. c4 Nb4 34. Rxb6 Rxb2 35. Kg2 Kf8 36. Rb7 Nd3 37. Rxf7+ Kg8 38. Rf3 Ne1+ 39. Kf1 Nxf3 40. d5 exd5 41. cxd5 Ne5 42. Ne4 Nd3 43. d6 Kf7 44. Ng5+ Ke8 45. Nxh7 Rxf2+ 46. Kg1 Rb2 47. Nf6+ Kd8 48. h4 Ne5 49. Kf1 Nc4 50. d7 Ne5 51. Nd5 Nxd7 52. Nf4 Ne5 53. Ke1 Ke7 54. g4 Kf6 55. h5 g5 56. Nd5+ Ke6 57. Ne3 Rb3 58. Ke2 Rb2+ 59. Kf1 Nd3 60. Kg1 Kf6 61. Nd5+ Kg7 62. Ne3 Ne5 63. Nf5+ Kh7 64. Ne3 Rb4 65. Kg2 Nxg4 66. Nf5 Rf4 67. Nd6 Nf6 68. h6 Kxh6 69. Nf7+ Kg6 70. Ne5+ Kf5 71. Nf3 Ne4 72. Nd4+ Ke5 73. Nf3+ Kf6 74. Nd4 Rf2+ 75. Kg1 Rb2 76. Nf3 g4 77. Nh2 Kg5 78. Nf1 Kf4 79. Kh1 Kf3 80. Kg1 g3 0-1


[Site "https://www.chess.com"]

[Event "Titled Tuesday Blitz May 16 Late 2023"]
[White "Chen, Ryo"]
[Black "Erzhanov, Arman"]
[WhiteFideId "7003072"]
[BlackFideId "4138821"]
[WhiteElo "2169"]
[BlackElo "2138"]
[Result "1/2-1/2"]
[Round "05"]
[TimeControl "180+2"]
[Date "2023.05.16"]
[WhiteClock "0:00:14"]
[BlackClock "0:01:17"]

1. e4 d6 2. d4 Nf6 3. Nc3 c6 4. f4 d5 5. e5 Ng8 6. Bd3 h5 7. Nf3 Nh6 8. O-O g6 9. Ne2 Bf5 10. Bxf5 Nxf5 11. e6 f6 12. Ng3 Nxg3 13. hxg3 Qd6 14. Re1 Na6 15. Nh4 O-O-O 16. Nxg6 Rh7 17. f5 Bh6 18. Bxh6 Rxh6 19. Qf3 Rg8 20. Re3 Nc7 21. Rf1 Ne8 22. Qf4 Qxf4 23. gxf4 Rg7 24. Rh3 Nd6 25. g4 Rhxg6 26. fxg6 Rxg6 27. g5 fxg5 28. f5 Rh6 29. Kg2 Ne4 30. Ra3 a6 31. Re3 g4 32. c4 h4 33. cxd5 cxd5 34. Rc1+ Kb8 35. Rc2 g3 36. Kh3 Nf2+ 37. Rxf2 gxf2 38. Rf3 Kc7 39. Rxf2 Kd6 40. Rf4 Rh5 41. b4 b5 42. a3 Kc7 43. f6 exf6 44. Rxf6 Kd6 45. e7+ Kxe7 46. Rxa6 Rf5 47. Kxh4 Rf4+ 48. Kg5 Rxd4 49. Kf5 Re4 50. Ra5 Re3 51. Rxb5 Rxa3 52. Rxd5 Rb3 53. b5 Rb4 54. Ke5 Rb1 55. Kd4 Ke6 56. Rh5 Kd6 57. Kc4 Kc7 58. Rh7+ Kb6 59. Rh6+ Kb7 60. Kc5 Rc1+ 61. Kd5 Rd1+ 62. Kc4 Rc1+ 63. Kd4 Rd1+ 64. Kc3 Rc1+ 65. Kb3 Rb1+ 66. Kc4 Rc1+ 67. Kb4 Rb1+ 68. Kc5 Rc1+ 69. Kd5 Rd1+ 70. Ke4 Rb1 71. Rh5 Kb6 72. Kd4 Rb4+ 73. Kc3 Rxb5 74. Rxb5+ Kxb5 1/2-1/2


[Site "https://www.chess.com"]

[Event "Titled Tuesday Blitz May 16 Late 2023"]
[White "Reprintsev, Alexander"]
[Black "Papasimakopoulos, Alexandros"]
[WhiteFideId "14100541"]
[BlackFideId "4244125"]
[WhiteElo "2218"]
[BlackElo "2359"]
[Result "0-1"]
[Round "05"]
[TimeControl "180+2"]
[Date "2023.05.16"]
[WhiteClock "0:00:01"]
[BlackClock "0:00:16"]

1. e4 e6 2. d4 d5 3. Nc3 Bb4 4. Ne2 Nc6 5. a3 Ba5 6. g3 Nge7 7. Bg2 O-O 8. O-O f5 9. exd5 Nxd5 10. b4 Nxc3 11. Nxc3 Bb6 12. d5 exd5 13. Qxd5+ Kh8 14. Qxd8 Rxd8 15. Nd5 Be6 16. c4 Bd4 17. Ra2 Rac8 18. Bf4 Rd7 19. Re1 Bf7 20. h4 h6 21. Bf3 a6 22. Kg2 Kg8 23. Rae2 Kf8 24. h5 Ba7 25. Rd2 Nd4 26. Red1 Nxf3 27. Kxf3 Bxh5+ 28. Kg2 Bxd1 29. Rxd1 c6 30. Nb6 Rxd1 31. Nxc8 Bd4 32. Nd6 b5 33. cxb5 cxb5 34. Nxf5 Bb2 35. Bd6+ Kf7 36. Bc5 Bxa3 37. Nd6+ Kg6 38. Ne8 a5 39. Nc7 Bxb4 40. Be3 Bd2 41. Bd4 b4 42. Ne6 Bc3 43. Bb6 b3 44. Nf4+ Kh7 45. Ne2 Bf6 46. Bxa5 b2 47. Nc3 Bxc3 48. Bxc3 b1=Q 0-1


[Site "https://www.chess.com"]

[Event "Titled Tuesday Blitz May 16 Late 2023"]
[White "Wizard_of_Odds"]
[Black "Nazari, Arad"]
[BlackFideId "12577324"]
[WhiteElo "2459"]
[BlackElo "2175"]
[Result "0-1"]
[Round "05"]
[TimeControl "180+2"]
[Date "2023.05.16"]
[WhiteClock "0:00:02"]
[BlackClock "0:00:05"]

1. Nf3 c5 2. b3 Nc6 3. Bb2 d6 4. e3 e5 5. d4 e4 6. Nfd2 cxd4 7. exd4 d5 8. Be2 Bd6 9. c4 Nge7 10. a3 e3 11. fxe3 Nf5 12. Nf1 Qh4+ 13. Kd2 Nfxd4 14. exd4 Nxd4 15. Kc1 Be5 16. Nbd2 Qf6 17. Ra2 O-O 18. Nf3 Bf4+ 19. N1d2 Nxe2+ 20. Qxe2 Qg6 21. g3 Bh6 22. Re1 Bf5 23. Bd4 Bb1 24. Rb2 Bd3 25. Qf2 dxc4 26. bxc4 Qc6 27. Ne5 Qa4 28. Nxd3 Qxc4+ 29. Kb1 Qxd3+ 30. Ka2 Rfd8 31. Be3 Qd5+ 32. Ka1 Qd3 33. Bxh6 Qxa3+ 34. Kb1 Qd3+ 35. Ka1 Rd6 36. Qf4 Ra6+ 37. Ra2 Qc3+ 38. Kb1 Rb6+ 39. Rb2 Qxb2# 0-1


[Site "https://www.chess.com"]

[Event "Titled Tuesday Blitz May 16 Late 2023"]
[White "Harshavardhan G B"]
[Black "Guerra Tulcan, Lenin"]
[WhiteFideId "25059009"]
[BlackFideId "3601382"]
[WhiteElo "2323"]
[BlackElo "2368"]
[Result "1/2-1/2"]
[Round "05"]
[TimeControl "180+2"]
[Date "2023.05.16"]
[WhiteClock "0:00:15"]
[BlackClock "0:00:19"]

1. e4 c5 2. Nf3 e6 3. g3 b6 4. Bg2 Bb7 5. Nc3 a6 6. d4 cxd4 7. Nxd4 Qc7 8. O-O d6 9. f4 Nd7 10. Kh1 Ngf6 11. Be3 Nc5 12. e5 Bxg2+ 13. Kxg2 dxe5 14. fxe5 Qxe5 15. Bf4 Qh5 16. Qe1 Be7 17. Nc6 Nd5 18. Nxe7 Nxe7 19. b4 Nd7 20. Qd1 Qxd1 21. Raxd1 Rc8 22. Rf3 Nf6 23. Be5 Nfd5 24. Bxg7 Rg8 25. Bd4 Rg4 26. Nxd5 Rxc2+ 27. Rf2 Rxf2+ 28. Bxf2 Nxd5 29. a3 Rc4 30. Rd3 b5 31. h4 Rc3 32. Rxc3 Nxc3 33. Bd4 Nb1 34. Bb2 Nd2 35. Bc1 Nc4 36. g4 f5 37. Kg3 Kf7 38. h5 fxg4 39. Kxg4 Kf6 40. Kf4 e5+ 41. Ke4 Ke6 42. h6 Nd6+ 43. Kd3 Kd5 44. Ke3 Nc4+ 45. Kf3 Ke6 46. Kg4 Kf6 47. Bg5+ Kg6 48. Bc1 Nd6 49. Bb2 Nf7 50. Kf3 Kf5 51. Bc1 e4+ 52. Ke2 Ne5 53. Ke3 Ng4+ 54. Kd4 e3 55. Kc5 Ke5 56. Kb6 Kd5 57. Kxa6 Kc4 58. Ka5 e2 59. Bd2 Nxh6 60. a4 bxa4 61. Kxa4 Nf5 62. b5 Nd6 63. b6 Nb7 64. Be1 Kc5 65. Bf2+ Kc4 66. Be1 h5 67. Ka3 Kd3 68. Kb2 Nc5 69. Kc1 Nb3+ 70. Kb2 Nc5 71. Kc1 Nb7 72. Bf2 Nd6 73. Be1 Ke4 74. Kc2 Kf3 75. Kd3 Nb7 76. Kd4 Kg2 77. Ke4 Kf1 78. Bh4 Nc5+ 79. Kd5 Nb7 80. Kc6 Na5+ 81. Kb5 Nb7 82. Kc6 Na5+ 83. Kb5 Nb7 84. Kc6 1/2-1/2


[Site "https://www.chess.com"]

[Event "Titled Tuesday Blitz May 16 Late 2023"]
[White "D`Arruda, Ricardo D."]
[Black "Arabidze, Meri"]
[WhiteFideId "100692"]
[BlackFideId "13604040"]
[WhiteElo "2419"]
[BlackElo "2405"]
[Result "0-1"]
[Round "05"]
[TimeControl "180+2"]
[Date "2023.05.16"]
[WhiteClock "0:00:49"]
[BlackClock "0:01:06"]

1. Nf3 c5 2. c4 Nc6 3. Nc3 g6 4. e3 Nf6 5. d4 cxd4 6. exd4 d5 7. cxd5 Nxd5 8. Bc4 Nxc3 9. bxc3 Bg7 10. O-O O-O 11. Re1 e6 12. Bg5 Qc7 13. Bf1 b6 14. Qd2 Na5 15. Bh6 Bb7 16. Bxg7 Kxg7 17. Ne5 h5 18. Rac1 Nc6 19. c4 Rfd8 20. Nxc6 Qxc6 21. Qf4 Qd6 22. Qxd6 Rxd6 23. d5 exd5 24. Re7 Bc6 25. c5 bxc5 26. Rxc5 Kf6 27. Rc7 Bd7 28. Rb7 Be6 29. Ra5 d4 30. Bd3 Rc8 31. Rbxa7 Rc1+ 0-1


[Site "https://www.chess.com"]